 Dungeon Crawl Stone Soup version 0.29-a0-322-g68df515428 (webtiles) character file.

Game seed: 17753583605332204979

3120 chopper the Cleaver (level 9, -1/79 HPs)
             Began as a Minotaur Fighter on Apr 6, 2022.
             Was a Follower of Elyvilon.
             Slain by a yak (4 damage)
             ... on level 6 of the Dungeon.
             The game lasted 00:25:35 (6254 turns).

chopper the Cleaver (Minotaur Fighter)              Turns: 6254, Time: 00:25:35

Health: -1/79      AC: 18    Str: 23    XL:     9   Next: 60%
Magic:  0/8        EV:  7    Int:  5    God:    Elyvilon [*.....]
Gold:   220        SH:  5    Dex: 12    Spells: 8/8 levels left

rFire   . . .      SeeInvis .   a - +0 war axe
rCold   . . .      Faith    .   c - +0 buckler
rNeg    . . .      Spirit   +   w - +3 plate armour
rPois   .          Reflect  .   (helmet restricted)
rElec   .          Harm     .   o - +0 cloak
rCorr   .          Rampage  .   (no gloves)
Will    .....                   (no boots)
Stlth   ..........              m - amulet of guardian spirit
HPRegen 0.23/turn               (no ring)
MPRegen 0.11/turn               (no ring)

@: no status effects
A: horns 2, retaliatory headbutt
a: Renounce Religion, Purification


You were on level 6 of the Dungeon.
You worshipped Elyvilon.
Elyvilon was aware of your devotion.
You visited 1 branch of the dungeon, and saw 6 of its levels.

You collected 220 gold pieces.

Inventory:

Hand Weapons
 a - a +0 war axe (weapon)
Armour
 c - a +0 buckler (worn)
 o - a +0 cloak (worn)
 w - a +3 plate armour (worn)
Jewellery
 m - an amulet of guardian spirit (around neck)
 s - an amulet of guardian spirit
Wands
 q - a wand of iceblast (17)
Scrolls
 b - a scroll of fear {unknown}
 f - 2 scrolls of noise {unknown}
 j - a scroll of enchant armour {unknown}
 k - a scroll of fog {unknown}
 l - a scroll of amnesia {unknown}
 n - 2 scrolls of brand weapon {unknown}
 r - a scroll of torment {unknown}
 u - a scroll of magic mapping {unknown}
Potions
 d - 2 potions of might
 e - a potion of resistance
 g - 3 potions of magic
 h - 2 potions of mutation
 i - 3 potions of attraction
 p - 2 potions of brilliance
 t - a potion of flight
 v - a potion of curing


   Skills:
 + Level 7.4 Fighting
 + Level 10.9 Axes
 + Level 8.3 Armour
 + Level 3.4 Dodging
 + Level 1.3 Stealth
 + Level 6.1 Shields
 + Level 0.9 Evocations


You had 8 spell levels left.
You didn't know any spells.
Your spell library contained the following spells:

 Spells                   Type           Power      Damage    Failure   Level
 Animate Skeleton         Necr           0%         N/A       100%        1
 Apportation              Tloc           0%         N/A       100%        1
 Summon Small Mammal      Summ           0%         N/A       100%        1
 Blink                    Tloc           0%         N/A       100%        2
 Ensorcelled Hibernation  Hex/Ice        0%         N/A       100%        2
 Passwall                 Tmut/Erth      0%         N/A       100%        2
 Confusing Touch          Hex            0%         N/A       100%        3
 Lesser Beckoning         Tloc           0%         N/A       100%        3
 Swiftness                Air            0%         N/A       100%        3
 Manifold Assault         Tloc           0%         N/A       100%        5
 Yara's Violent Unravell  Hex/Tmut       0%         3d3       100%        5
 Enfeeble                 Hex            0%         N/A       100%        7


Dungeon Overview and Level Annotations

Branches:
Dungeon (6/15)             Temple (0/1) D:4

Altars:
Elyvilon

Shops:
D:1 *


Innate Abilities, Weirdness & Mutations

You have a pair of horns on your head.
You reflexively headbutt those who attack you in melee.


Message History

You hit the yak. You headbutt the yak!
The yak is almost dead.
The yak gores you.
You closely miss the yak. You headbutt the yak.
You kill the yak!
You hit the yak. You headbutt the yak.
The yak is lightly wounded.
The yak gores you.
You closely miss the yak.
The yak is lightly wounded.
The yak gores you!
You hit the yak but do no damage.
The yak is lightly wounded.
The yak gores you but does no damage.
You hit the yak. You headbutt the yak.
The yak is moderately wounded.
The yak barely misses you. You furiously retaliate!
You headbutt the yak. You closely miss the yak.
The yak is moderately wounded.
The yak gores you but does no damage.
You slash the yak!
The yak is severely wounded.
The yak gores you.
* * * LOW HITPOINT WARNING * * *
The yak attacks as you move away! The yak barely misses you.
You furiously retaliate!
You headbutt the yak!
You see here a +0 giant club.
The yak attacks as you move away! The yak gores you!
* * * LOW HITPOINT WARNING * * *
The yak attacks as you move away! The yak barely misses you.
There is a stone staircase leading down here.
The yak attacks as you move away! The yak gores you!
* * * LOW HITPOINT WARNING * * *
The yak gores you but does no damage. The yak attacks as you move away!
The yak gores you.
* * * LOW HITPOINT WARNING * * *
The yak attacks as you move away! The yak gores you!
* * * LOW HITPOINT WARNING * * *
The yak gores you.
You die...

#..Y###'### #....#
##..###...# #.##.##
#......#.# #.....#
##>......# ####..#
##Y###### #.....######
#.Y..# #.......##<#
####.##########.(..##.#
#....Y.YYY.###..##.#
##########@###.....#
#...#)##### ###.#)#
#.#.# #...# #.### #)#
###


You could see 4 yaks.

Vanquished Creatures
  The ghost of SirDiesAlot the Skirmisher, a novice MiFi (D:4)
  6 yaks
  2 orc warriors (D:6)
  An ice beast (D:5)
  The ghost of PaleWalker the Chopper, an amateur HOFi (D:3)
  2 black bears
  An ogre (D:6)
  2 sky beasts (D:6)
  2 bullfrogs
  3 scorpions
  2 necrophages (D:4)
  2 hounds
  8 orc priests
  3 iguanas
  Natasha (D:4)
  2 orc wizards
  Robin (D:4)
  3 gnolls (D:2)
  13 adders
  A shadow imp (D:5)
  A worm (D:5)
  3 dart slugs
  10 orcs
  8 endoplasms
  3 giant cockroaches
  13 goblins
  8 hobgoblins
  4 quokkas
  13 ball pythons
  9 bats
  2 frilled lizards
  9 kobolds
  6 rats
146 creatures vanquished.

Notes
Turn   | Place    | Note
-------+----------+-------------------------------------------
     0 | D:1      | chopper the Minotaur Fighter began the quest for the Orb.
     0 | D:1      | Reached XP level 1. HP: 19/19 MP: 0/0
    28 | D:1      | Found a faded altar of an unknown god.
   134 | D:1      | Reached XP level 2. HP: 27/27 MP: 1/1
   445 | D:1      | Found Aczib's Assorted Antiques.
   749 | D:2      | Reached XP level 3. HP: 33/33 MP: 2/2
   790 | D:2      | Reached skill level 3 in Axes
   992 | D:2      | Reached XP level 4. HP: 39/40 MP: 3/3
  1158 | D:2      | Reached skill level 4 in Axes
  1524 | D:3      | Found a transporter.
  1556 | D:3      | Noticed PaleWalker's ghost (amateur HOFi)
  1560 | D:3      | Noticed a bullfrog
  1563 | D:3      | Found a transporter.
  1629 | D:3      | Reached XP level 5. HP: 47/47 MP: 4/4
  1648 | D:3      | Reached skill level 1 in Dodging
  2207 | D:4      | Reached skill level 5 in Fighting
  2215 | D:4      | Reached XP level 6. HP: 39/56 MP: 2/5
  2359 | D:4      | Found a staircase to the Ecumenical Temple.
  2369 | D:4      | Reached skill level 5 in Axes
  2450 | D:4      | Found a white marble altar of Elyvilon.
  2478 | D:4      | Noticed Robin
  2482 | D:4      | Reached skill level 5 in Armour
  2490 | D:4      | Killed Robin
  2592 | D:4      | Noticed Natasha
  2598 | D:4      | Killed Natasha
  2599 | D:4      | Reached skill level 6 in Axes
  2599 | D:4      | Reached XP level 7. HP: 23/61 MP: 2/6
  3184 | D:4      | Found a large runed translucent door.
  3184 | D:4      | Found a large runed translucent door.
  3188 | D:4      | Noticed SirDiesAlot's ghost (novice MiFi)
  3220 | D:4      | Killed SirDiesAlot's ghost
  3221 | D:4      | Reached skill level 7 in Axes
  3221 | D:4      | Reached skill level 5 in Shields
  3221 | D:4      | Reached XP level 8. HP: 38/70 MP: 5/7
  3769 | D:4      | Became a worshipper of Elyvilon the Healer
  3915 | D:3      | Reached skill level 8 in Axes
  3931 | D:3      | Killed PaleWalker's ghost
  4416 | D:5      | Entered Level 5 of the Dungeon
  4965 | D:5      | Reached skill level 9 in Axes
  4971 | D:5      | Reached skill level 1 in Stealth
  4981 | D:5      | Reached XP level 9. HP: 21/78 MP: 3/8
  5513 | D:5      | Reached * piety under Elyvilon
  5706 | D:6      | Identified the +2 ring mail of an ice cave {rC+ rCorr
                  | Dex-2}
  5795 | D:6      | Reached skill level 10 in Axes
  6251 | D:6      | HP: 3/79 [yak (6)]
  6254 | D:6      | Slain by a yak

Illustrated notes

Levels and vault maps discovered:
D:1:      minmay_arrival_solitary_statue, layout_rooms,
          ebering_ecumenical_altar_abandoned, serial_shops, nicolae_shop_crystal
D:2:      layout_basic
D:3:      layout_rooms, gammafunk_ghost_arena, kennysheep_generic_room_2
D:4:      layout_layer_cave, elyvilon_altar_1, minmay_temple_entry_stoned_glass,
          ebering_ghost_disaster_area, uniq_natasha, uniq_robin
D:5:      layout_basic, amcnicky_mini_pool_medium
D:6:      layout_basic, uniq_grinder

Skill      XL: |  1  2  3  4  5  6  7  8  9 |
---------------+----------------------------+-----
Shields        | 4 5 6 |  6.1
Fighting       | 4 5 6 7 |  7.4
Armour         | 4 5 6 7 8 |  8.3
Axes           | 3 4 6 7 9 10 | 10.9
Dodging        | 1 2 3 |  3.4
Stealth        | 1 |  1.3
Evocations     | |  0.9

Action                   |  1- 3 |  4- 6 |  7- 9 || total
-------------------------+-------+-------+-------++-------
Melee: War axe           |    62 |    95 |   197 ||   354
       Headbutt          |     6 |    15 |    34 ||    55
Evoke: Wand              |       |       |     3 ||     3
  Use: Scroll            |       |     5 |     2 ||     7
       Potion            |       |       |     2 ||     2
Armor: Scale mail        |    67 |    75 |    53 ||   195
       Plate armour      |       |       |    34 ||    34
Dodge: Dodged            |    42 |    73 |    61 ||   176
Block: Buckler           |    22 |    31 |    39 ||    92

Table legend: (Time is in decaauts)
 A = Elapsed time spent in this place.
 B = Non-inter-level travel time spent in this place.
 C = Inter-level travel time spent in this place.
 D = Time resting spent in this place.
 E = Time spent auto-exploring this place.
 F = Levels seen in this place.
 G = Mean time per level.
                   A        B        C        D        E       F      G
               +--------+--------+--------+--------+--------+-----+--------+
         Total |   6327 |   6327 |      0 |   1812 |      0 |   6 | 1054.5 |
       Dungeon |   6327 |   6327 |      0 |   1812 |      0 |   6 | 1054.5 |
               +--------+--------+--------+--------+--------+-----+--------+

Top non-repeatable levels by time:
     D:4: 1817 daAuts
     D:5: 1169 daAuts
     D:3: 1105 daAuts
     D:2: 954 daAuts
     D:6: 676 daAuts
     D:1: 605 daAuts
